[Event "*** Titled Tuesday Blitz"]
[Site "Chess.com"]
[Date "2021.02.09"]
[Round "2"]
[White "j2806"]
[Black "BogdanDeac"]
[Result "0-1"]
[WhiteElo "2093"]
[BlackElo "2989"]
[TimeControl "180+1"]
[EndTime "10:16:29 PST"]
[Termination "BogdanDeac won by resignation"]

1. e4 c5 2. Nf3 d6 3. d4 cxd4 4. Nxd4 Nf6 5. Nc3 a6 6. Be3 e6 7. f3 b5 8. Qd2 Nbd7 9. O-O-O Bb7 10. g4 Nb6 11. h4 b4 12. Nb1 d5 13. e5 Nfd7 14.
f4 Qc7 15. Qe2 Nc4 16. b3 Nxe3 17. Qxe3 Bc5 18. Kb2 Rc8 19. c3 a5 20. Bb5 Qb6 21.
Ba4 Bc6 22. Bxc6 Rxc6 23. f5 a4 24. fxe6 fxe6 25. Rhf1 axb3 26. axb3 Rc7 27. cxb4 Qxb4 28. Nc2 Bxe3 29. Nxb4 Rb7 30. Nc2 Ba7 31. Nc3 Ke7 32. Nd4 Bxd4 33. Rxd4 Rhb8 34. b4 Rxb4+ 35. Rxb4 Rxb4+ 36. Kc2 Rxg4 0-1

[Event "*** Titled Tuesday Blitz"]
[Site "Chess.com"]
[Date "2021.02.09"]
[Round "2"]
[White "ajedrez1101"]
[Black "kekic76"]
[Result "0-1"]
[WhiteElo "2075"]
[BlackElo "2387"]
[TimeControl "180+1"]
[EndTime "10:16:29 PST"]
[Termination "kekic76 won by resignation"]

1. b3 e5 2. Bb2 Nc6 3. e3 a6 4. Nf3 d6 5. d4 exd4 6. Nxd4 Nf6 7. Nc3 Be7 8. Qd2 O-O 9. O-O-O Nxd4 10. Qxd4 c5 11. Qd2 Qa5 12. Kb1 Be6 13. Nd5 Qd8 14.
Nxe7+ Qxe7 15. Qxd6 Qxd6 16. Rxd6 Ne4 17. Rb6 Nxf2 18. Rg1 Bd5 19. Bd3 Bc6 20. h3 Rfe8 21. Re1 Nxd3 22. cxd3 Rad8 23. d4 cxd4 24. Rb4 dxe3 25.
Rg4 g6 26. Bd4 f5 27. Rf4 g5 0-1

[Event "*** Titled Tuesday Blitz"]
[Site "Chess.com"]
[Date "2021.02.09"]
[Round "2"]
[White "sergeikim"]
[Black "beto-betun"]
[Result "1-0"]
[WhiteElo "2411"]
[BlackElo "2182"]
[TimeControl "180+1"]
[EndTime "10:16:30 PST"]
[Termination "sergeikim won by resignation"]

1. d4 Nf6 2. c4 g6 3. Nc3 Bg7 4.
e4 d6 5. Nge2 O-O 6. Ng3 c5 7.
d5 e6 8. Be2 exd5 9. cxd5 Re8 10. O-O a6 11. a4 b6 12. Bf4 Qe7 13. Qd2 Nbd7 14. Bh6 Bh8 15. f4 Rb8 16. e5 dxe5 17. d6 Qe6 18. f5 Qb3 19. Nge4 Bb7 20.
Ng5 b5 21. axb5 axb5 22. Bxb5 Bxg2 23. Ra3 Qb4 24. Ra4 Qb3 25. Bc4 Qxc4 26. Rxc4 Bxf1 27. Kxf1 gxf5 28. Nge4 1-0

[Event "*** Titled Tuesday Blitz"]
[Site "Chess.com"]
[Date "2021.02.09"]
[Round "2"]
[White "CheckThis4"]
[Black "Sviridov_Valery"]
[Result "1-0"]
[WhiteElo "2583"]
[BlackElo "2958"]
[TimeControl "180+1"]
[EndTime "10:16:31 PST"]
[Termination "CheckThis4 won by resignation"]

1. d4 g6 2. e4 Bg7 3. Nc3 d6 4.
Be3 a6 5. Nf3 b5 6. Bd3 Bb7 7.
e5 e6 8. Ne4 h6 9. a4 b4 10. Qe2 Ne7 11. O-O Nf5 12. Rad1 Nd7 13. exd6 Nxd6 14. Nc5 Bd5 15. c4 bxc3 16. bxc3 Nb6 17.
Ne5 Ra7 18. c4 Ba8 19. Nxg6 Rg8 20. d5 Bf6 21. a5 Nbc8 22. Nxe6 fxe6 23. Bxa7 Qd7 24.
Bc5 Qf7 25. Rfe1 Rxg6 26. Qxe6+ Qxe6 27. Bxg6+ 1-0

[Event "*** Titled Tuesday Blitz"]
[Site "Chess.com"]
[Date "2021.02.09"]
[Round "2"]
[White "Meri-Arabidze"]
[Black "chessmause"]
[Result "1-0"]
[WhiteElo "2604"]
[BlackElo "2207"]
[TimeControl "180+1"]
[EndTime "10:16:31 PST"]
[Termination "Meri-Arabidze won by resignation"]

1. d4 Nf6 2. c4 e5 3. dxe5 Ng4 4. Bf4 Nc6 5. Nf3 Bb4+ 6. Nbd2 Qe7 7. e3 Ngxe5 8.
Nxe5 Nxe5 9. Be2 O-O 10. O-O a5 11. Nb3 a4 12. Nd4 d6 13. Qc2 Bc5 14. Rfd1 Bd7 15.
Bg3 Rfe8 16. h3 Qf6 17. Nb5 Bb6 18.
Rac1 Bxb5 19. cxb5 a3 20. b3 Nd7 21. Bc4 Nc5 22. Rd4 Ne6 23. Rdd1 Nc5 24. Bd5 Ra7 25. b4 Nd7 26. Qb3 Qg5 27. Rc4 Bxe3 28. Rg4 Bxf2+ 29. Bxf2 Qf6 30. Bxa7 1-0

[Event "*** Titled Tuesday Blitz"]
[Site "Chess.com"]
[Date "2021.02.09"]
[Round "2"]
[White "LogoCzar"]
[Black "DarZay"]
[Result "1-0"]
[WhiteElo "2402"]
[BlackElo "2132"]
[TimeControl "180+1"]
[EndTime "10:16:31 PST"]
[Termination "LogoCzar won by resignation"]

1. e4 c5 2. Nf3 Nc6 3. d4 cxd4 4. Nxd4 d6 5. c4 Nf6 6. Nc3 e5 7. Nc2 Be7 8. Be2 O-O 9. O-O a6 10. Be3 Be6 11. f3 Nd7 12. Nd5 f5 13. Qd2 Nc5 14. b4 Nd7 15. Rfd1 fxe4 16. fxe4 Nf6 17. Bb6 Qd7 18.
Nxe7+ Qxe7 19. Qxd6 Nxe4 20. Qxe7 Nxe7 21. Bf3 Nc3 22. Rd3 Na4 23. c5 Bf5 24. Rd2 e4 25.
Be2 Nxb6 26. cxb6 Nc6 27. Rad1 Rae8 28. Ne3 Nxb4 29. Nxf5 Rxf5 30. Rd7 Rf7 31. Bc4 1-0

[Event "*** Titled Tuesday Blitz"]
[Site "Chess.com"]
[Date "2021.02.09"]
[Round "2"]
[White "albi1999"]
[Black "Chuchofrio1"]
[Result "1-0"]
[WhiteElo "2624"]
[BlackElo "2300"]
[TimeControl "180+1"]
[EndTime "10:16:33 PST"]
[Termination "albi1999 won by checkmate"]

1. d4 Nf6 2. c4 g6 3. g3 Bg7 4. Bg2 O-O 5. Nf3 d6 6. O-O Nc6 7. Nc3 Bf5 8. b3 e5 9. Bb2 exd4 10. Nxd4 Nxd4 11. Qxd4 Ne4 12. Qe3 Nxc3 13. Bxc3 Qd7 14.
Bxg7 Kxg7 15. Bxb7 Rae8 16. Qd4+ Kg8 17. Bf3 h5 18. h4 Bg4 19. Bxg4 hxg4 20. Rfe1 f5 21. e3 Re4 22. Qxa7 g5 23. hxg5 Kg7 24. Qb7 Rh8 25.
Kg2 Qe7 26. Rh1 Qd8 27. Rxh8 Kxh8 28. Rh1+ Kg7 29. Qd5 Re5 30. Qc6 Rc5 31. Qb7 Qxg5 32. Qc8 Kf6 33. Rh8 Qg7 34. Rf8+ Ke5 35. Qxf5# 1-0

[Event "*** Titled Tuesday Blitz"]
[Site "Chess.com"]
[Date "2021.02.09"]
[Round "2"]
[White "jkidjr22"]
[Black "Unknown_IM"]
[Result "1-0"]
[WhiteElo "2656"]
[BlackElo "2377"]
[TimeControl "180+1"]
[EndTime "10:16:36 PST"]
[Termination "jkidjr22 won by checkmate"]

1. d4 Nf6 2. Bf4 g6 3. Nc3 Bg7 4. e3 O-O 5. h4 h5 6. Nf3 d5 7. Qd2 c6 8. O-O-O Bf5 9. Ne5 Nbd7 10. f3 Nxe5 11. dxe5 Nd7 12. e4 dxe4 13. fxe4 Be6 14. Be2 Qc7 15. g4 hxg4 16. h5 Rfd8 17. hxg6 fxg6 18.
Qe1 Bxe5 19. Bd2 Bg7 20. Qh4 Nf6 21. Qg5 Kf7 22. e5 Nd5 23. Rdf1+ Bf5 24. Rxf5+ gxf5 25. Qxf5+ Kg8 26. Qe6+ Kf8 27. Rf1+ Nf6 28. exf6 exf6 29. Bc4 Qe5 30. Qf7# 1-0

[Event "*** Titled Tuesday Blitz"]
[Site "Chess.com"]
[Date "2021.02.09"]
[Round "2"]
[White "Rytenko_V"]
[Black "ChampStan"]
[Result "1-0"]
[WhiteElo "2438"]
[BlackElo "2208"]
[TimeControl "180+1"]
[EndTime "10:16:36 PST"]
[Termination "Rytenko_V won by resignation"]

1. d4 Nf6 2. c4 g6 3. Nc3 d5 4. Nf3 Bg7 5. Bg5 Ne4 6. Bf4 Nxc3 7. bxc3 c5 8. e3 O-O 9. Be2 Nc6 10. O-O cxd4 11. cxd4 dxc4 12. Bxc4 b6 13. Rc1 Bb7 14. Bb5 Rc8 15. Qa4 Na5 16. Ne5 Qd5 17. f3 g5 18.
Bg3 Kh8 19. Rfd1 a6 20. Bd3 Qe6 21. Qd7 Qxd7 22. Nxd7 b5 23. Nxf8 Rxf8 24. Bc7 Nc6 25. Be4 1-0

[Event "*** Titled Tuesday Blitz"]
[Site "Chess.com"]
[Date "2021.02.09"]
[Round "2"]
[White "SaqoChess_Twitch"]
[Black "GigaQuparadze"]
[Result "0-1"]
[WhiteElo "2550"]
[BlackElo "2909"]
[TimeControl "180+1"]
[EndTime "10:16:38 PST"]
[Termination "GigaQuparadze won by resignation"]

1. d4 Nf6 2. c4 e6 3. Nc3 Bb4 4.
a3 Bxc3+ 5. bxc3 c5 6. e3 Nc6 7.
Bd3 d6 8. Ne2 b6 9. O-O O-O 10.
Ng3 Na5 11. e4 Ba6 12. f4 Bxc4 13. e5 Nd5 14. Bxc4 Nxc4 15. Qd3 b5 16. a4 a6 17.
axb5 axb5 18. Rxa8 Qxa8 19. exd6 cxd4 20. Qxd4 Nxd6 21. Qe5 Qa7+ 22. Kh1 Nc4 23. Qg5 h6 24. Qg4 Nce3 25. Qf3 Nxf1 26. Nxf1 Qa1 27. Bd2 Nf6 28. h3 Rd8 29. Kh2 Qa2 30. Be3 Qc4 31. Bd4 Rxd4 32. cxd4 Qxd4 33. Ng3 b4 34. f5 exf5 35.
Qxf5 Qd6 36. Qc8+ Kh7 37. h4 g6 38. Qb7 Kg7 39. Qf3 Nh5 0-1

[Event "*** Titled Tuesday Blitz"]
[Site "Chess.com"]
[Date "2021.02.09"]
[Round "2"]
[White "Willychess95"]
[Black "Colombiano07"]
[Result "1-0"]
[WhiteElo "2627"]
[BlackElo "2310"]
[TimeControl "180+1"]
[EndTime "10:16:38 PST"]
[Termination "Willychess95 won by resignation"]

1. e4 c6 2. d4 d5 3. e5 Bf5 4. h4 h6 5. g4 Bd7 6. h5 c5 7. c3 Nc6 8. Be3 e6 9. f4 Qb6 10. Qd2 O-O-O 11. Nf3 Kb8 12. Kf2 f6 13.
Kg3 Nge7 14. Bd3 c4 15. Be2 g5 16. exf6 Nc8 17. fxg5 hxg5 18. Nxg5 Bd6+ 19. Kh4 e5 20.
Nf7 exd4 21. cxd4 Rdf8 22. Nxh8 Rxh8 23. Nc3 Qd8 24. Raf1 Rf8 25. g5 Nb6 26. Nb5 Bb4 27. Bf4+ Ka8 28. Qxb4 Nxb4 29. Nc7+ 1-0

[Event "*** Titled Tuesday Blitz"]
[Site "Chess.com"]
[Date "2021.02.09"]
[Round "2"]
[White "mikolka1985"]
[Black "Soledadense88"]
[Result "1-0"]
[WhiteElo "2603"]
[BlackElo "2318"]
[TimeControl "180+1"]
[EndTime "10:16:38 PST"]
[Termination "mikolka1985 won by checkmate"]

1. d4 Nf6 2. c4 g6 3. Nc3 Bg7 4. e4 d6 5. f4 O-O 6. Nf3 c5 7. dxc5 Qa5 8. Bd3 Qxc5 9. Qe2 Bg4 10. Be3 Qc7 11. O-O Nc6 12. Rac1 Rac8 13. Qf2 Bxf3 14. gxf3 Qa5 15. a3 a6 16. Kh1 Qh5 17. Rg1 Kh8 18.
Rg5 Qh3 19. f5 Ne5 20. Be2 Nxc4 21. Rg3 Qh5 22. Bg5 Ne5 23. Bxf6 Bxf6 24. f4 Qh6 25. fxe5 Qxc1+ 26. Rg1 Qxg1+ 27. Qxg1 Bxe5 28. Qe3 Rc5 29. Bg4 gxf5 30. Bxf5 e6 31. Qh6 exf5 32. Qxf8# 1-0

[Event "*** Titled Tuesday Blitz"]
[Site "Chess.com"]
[Date "2021.02.09"]
[Round "2"]
[White "Akhayan"]
[Black "L1m96"]
[Result "0-1"]
[WhiteElo "2298"]
[BlackElo "2554"]
[TimeControl "180+1"]
[EndTime "10:16:41 PST"]
[Termination "L1m96 won by resignation"]

1. d4 Nf6 2. c4 e6 3. Nc3 Bb4 4. e3 O-O 5. Bd3 d5 6. Ne2 c5 7. a3 dxc4 8. Bxc4 cxd4 9. axb4 dxc3 10.
Qxd8 Rxd8 11. Nxc3 Bd7 12. Ke2 Nc6 13. Na2 Ne5 14. b3 Rac8 15. Bb2 Nxc4 16. bxc4 Rxc4 17.
Rhc1 Bb5 18. Rxc4 Bxc4+ 19. Ke1 Nd5 20. e4 Bxa2 21. exd5 Bxd5 22. Rxa7 Bxg2 23. Be5 Bf3 24. Ra1 f6 25. Bc3 Kf7 26. Rc1 Rd7 27. Bd2 g5 28.
Rc3 g4 29. Ra3 e5 30. Ra7 h5 31. b5 h4 32. b6 Ke6 33. Ra8 Rd6 34. Re8+ Kf5 0-1

[Event "*** Titled Tuesday Blitz"]
[Site "Chess.com"]
[Date "2021.02.09"]
[Round "2"]
[White "GOGIEFF"]
[Black "Lion-Al-Messi"]
[Result "1-0"]
[WhiteElo "2899"]
[BlackElo "2547"]
[TimeControl "180+1"]
[EndTime "10:16:42 PST"]
[Termination "GOGIEFF won by resignation"]

1. d4 d5 2. c4 c6 3. Nc3 Nf6 4. cxd5 cxd5 5. Bg5 Ne4 6. Nxe4 dxe4 7. a3 Nc6 8. d5 Ne5 9. Qa4+ Bd7 10. Qxe4 f6 11. Bd2 g6 12. Nf3 Bg7 13. Nxe5 fxe5 14. e3 O-O 15. Bc3 Bf5 16. Qb4 Kh8 17. Rd1 Qd7 18. Bb5 Qc7 19. O-O a6 20. Be2 Rad8 21. Rd2 b5 22. Rfd1 Rd6 23. Qa5 Qb7 24. Bb4 Rd7 25. d6 exd6 26. Rxd6 Rxd6 27. Rxd6 Rc8 28. Rd8+ Bf8 29. Rxf8+ Rxf8 30. Bxf8 Qc8 31. Bb4 Qc1+ 32. Be1 Qxb2 33. Bf1 Qb1 34. Bc3 Bd3 35. Qd8+ Kg7 36. Bxe5+ Kf7 37. Qd7+ Kf8 38. Qxd3 1-0

[Event "*** Titled Tuesday Blitz"]
[Site "Chess.com"]
[Date "2021.02.09"]
[Round "2"]
[White "capatl"]
[Black "nrvisakh"]
[Result "0-1"]
[WhiteElo "2491"]
[BlackElo "2750"]
[TimeControl "180+1"]
[EndTime "10:16:46 PST"]
[Termination "nrvisakh won by resignation"]

1. c4 Nf6 2. Nc3 g6 3. Nf3 Bg7 4. g3 O-O 5. Bg2 d5 6. cxd5 Nxd5 7. O-O c5 8. d4 Nxc3 9. bxc3 Nc6 10. e3 Bf5 11. Qb3 Na5 12. Qb5 Rc8 13. Rd1 Be4 14.
Ba3 cxd4 15. cxd4 Nc4 16. Bc5 Qd5 17. Rac1 Nxe3 18. fxe3 Bxf3 19. Bxf3 Qxf3 20. Qb3 Bh6 21. Rc3 b6 22. Rf1 Qe4 0-1

[Event "*** Titled Tuesday Blitz"]
[Site "Chess.com"]
[Date "2021.02.09"]
[Round "2"]
[White "CzechmVIII"]
[Black "KeithArkell"]
[Result "0-1"]
[WhiteElo "2262"]
[BlackElo "2468"]
[TimeControl "180+1"]
[EndTime "10:16:46 PST"]
[Termination "KeithArkell won by resignation"]

1. e4 c6 2. d4 d5 3. e5 c5 4. c4 e6 5. Nf3 cxd4 6. Nxd4 Nc6 7. Nxc6 bxc6 8. Nc3 Ne7 9. Be2 Ng6 10. f4 Bc5 11.
Qa4 Bd7 12. Bd2 Qb6 13. Qb3 Bf2+ 14. Kf1 O-O 15. Qxb6 Bxb6 16. Rc1 f6 17. cxd5 cxd5 18. exf6 Rxf6 19. g3 Rc8 20. Kg2 Bc6 21. Bf3 Ne7 22. Rhe1 Nf5 23. Nd1 Nd4 24. Bc3 Nxf3 25. Bxf6 Nxe1+ 26. Kh3 gxf6 0-1

[Event "*** Titled Tuesday Blitz"]
[Site "Chess.com"]
[Date "2021.02.09"]
[Round "2"]
[White "chessdjw"]
[Black "EndGameDestroyer"]
[Result "1-0"]
[WhiteElo "2608"]
[BlackElo "2239"]
[TimeControl "180+1"]
[EndTime "10:16:50 PST"]
[Termination "chessdjw won on time"]

1. d4 Nf6 2. c4 e6 3. Nf3 b6 4. a3 Bb7 5. Nc3 Be7 6. d5 d6 7. e4 e5 8. Bd3 Nbd7 9. O-O a5 10. h3 Nh5 11. g3 Nc5 12. Bc2 g6 13. Bh6 Bc8 14. b4 Nd7 15. Ba4 Bf8 16. Qd2 Bg7 17. Bxg7 Nxg7 18. Qh6 Nh5 19. c5 bxc5 20. bxc5 Ke7 21.
cxd6+ cxd6 22. Bc6 Rb8 23. Nb5 Ba6 24. a4 Nc5 25. Nd2 Qf8 26. Qe3 f6 27. Rfc1 Nb7 28.
Nc7 1-0

[Event "*** Titled Tuesday Blitz"]
[Site "Chess.com"]
[Date "2021.02.09"]
[Round "2"]
[White "Kiborg95"]
[Black "Balla_Tamas"]
[Result "1-0"]
[WhiteElo "2716"]
[BlackElo "2478"]
[TimeControl "180+1"]
[EndTime "10:16:53 PST"]
[Termination "Kiborg95 won by resignation"]

1. e4 c5 2. Nc3 e6 3. Nf3 a6 4. d4 cxd4 5. Nxd4 Qc7 6. Bd3 Bc5 7. Nb3 Ba7 8. O-O Nf6 9. Bg5 d6 10. Bxf6 gxf6 11. Qh5 Nc6 12. Kh1 Qe7 13. f4 Bd7 14. Rae1 O-O-O 15. Nd5 exd5 16. exd5 Ne5 17. fxe5 dxe5 18.
c4 Ba4 19. Qf5+ Kb8 20. Qxf6 Qxf6 21. Rxf6 Bxb3 22. axb3 Bd4 23. Rxf7 Bxb2 24. Rxh7 Rxh7 25. Bxh7 Bd4 26. Rf1 Rd7 27. Be4 Kc7 28. h4 Be3 29. Kh2 Kd6 30. b4 a5 31. c5+ Kc7 32. Rf8 Rg7 33.
d6+ Kd7 34. Rb8 Bf4+ 35. Kg1 Be3+ 36. Kf1 Rg3 37. Rxb7+ 1-0

[Event "*** Titled Tuesday Blitz"]
[Site "Chess.com"]
[Date "2021.02.09"]
[Round "2"]
[White "mr_gustavo"]
[Black "Irina_Baraeva"]
[Result "0-1"]
[WhiteElo "2411"]
[BlackElo "2251"]
[TimeControl "180+1"]
[EndTime "10:16:55 PST"]
[Termination "Irina_Baraeva won by resignation"]

1. e4 e6 2. d4 d5 3. Nc3 Bb4 4. e5 c5 5. a3 Bxc3+ 6. bxc3 Ne7 7. Qg4 O-O 8. Bd3 Nbc6 9. Nf3 f5 10. Qg3 Qb6 11.
Be3 c4 12. Be2 Qa5 13. Bd2 Bd7 14. h4 Be8 15. h5 b5 16. Ng5 Bf7 17. Nxf7 Rxf7 18. Qf4 Qb6 19. Rh3 a5 20. Rg3 b4 21.
axb4 Ra6 22. bxa5 Rxa5 23. Rxa5 Qxa5 24. Qg5 f4 25. Bxf4 Nf5 26. h6 Nxg3 27. Bxg3 Qxc3+ 28.
Kd1 Qxd4+ 29. Kc1 Qa1+ 30. Kd2 c3+ 31. Kd3 Qa6+ 32. Ke3 d4+ 33. Ke4 Qxe2+ 0-1

[Event "*** Titled Tuesday Blitz"]
[Site "Chess.com"]
[Date "2021.02.09"]
[Round "2"]
[White "crazy_but_lazy"]
[Black "Bulldog167"]
[Result "0-1"]
[WhiteElo "2516"]
[BlackElo "2834"]
[TimeControl "180+1"]
[EndTime "10:17:01 PST"]
[Termination "Bulldog167 won on time"]

1. c4 e6 2. Nf3 d5 3. d4 a6 4. Nbd2 Nf6 5. g3 c5 6. cxd5 exd5 7.
Bg2 Nc6 8. O-O Be7 9. dxc5 Bxc5 10. Nb3 Ba7 11. Nbd4 O-O 12. b3 Re8 13. Bb2 Ne4 14. Rc1 Qd6 15. e3 Bg4 16. Qd3 Nb4 17. Qb1 Bxd4 18.
Nxd4 Nd2 19. Qa1 Nxf1 20. Rxf1 Rac8 21. a3 Nd3 22. h3 Nxb2 23. Qxb2 Bd7 24. Rd1 Qc5 25.
b4 Qc3 26. Qxc3 Rxc3 27. Bxd5 Rxa3 28. Bxb7 Bxh3 29. Nc6 g6 30. Na5 Bg4 31. Rc1 Rb8 0-1

[Event "*** Titled Tuesday Blitz"]
[Site "Chess.com"]
[Date "2021.02.09"]
[Round "2"]
[White "ErikRonka"]
[Black "kubal123"]
[Result "1-0"]
[WhiteElo "2433"]
[BlackElo "2205"]
[TimeControl "180+1"]
[EndTime "10:17:01 PST"]
[Termination "ErikRonka won by resignation"]

1. e4 c5 2. Nf3 e6 3. g3 Nc6 4. Bg2 d6 5. O-O Nf6 6. Qe2 Be7 7. c3 O-O 8. d4 cxd4 9. cxd4 e5 10. d5 Nb8 11. Nc3 Bg4 12. h3 Bxf3 13. Qxf3 Nbd7 14. Be3 a6 15. Rfc1 Rc8 16. Qd1 b5 17. b4 Rc4 18. Qb3 Qc7 19. Bf1 Rc8 20. Bxc4 Qxc4 21. Qxc4 Rxc4 22. a3 Ne8 23. f3 g6 24.
Ne2 Rxc1+ 25. Nxc1 f5 26. a4 fxe4 27. fxe4 Nef6 28.
axb5 axb5 29. Ra7 Kf7 30. Kg2 Ke8 31. Kf3 Bd8 32. Rb7 h5 33. Rxb5 h4 34. g4 Nh7 35.
Rb7 Ng5+ 36. Bxg5 Bxg5 37. Nb3 Bf4 38. Na5 Kd8 39. Rb5 Kc7 40. Nc4 Nf6 41. Ra5 1-0

[Event "*** Titled Tuesday Blitz"]
[Site "Chess.com"]
[Date "2021.02.09"]
[Round "2"]
[White "dukicz123"]
[Black "Genghis_K"]
[Result "0-1"]
[WhiteElo "2558"]
[BlackElo "2927"]
[TimeControl "180+1"]
[EndTime "10:17:03 PST"]
[Termination "Genghis_K won by resignation"]

1. e4 c5 2. Nf3 d6 3. d4 cxd4 4. Nxd4 Nf6 5. Nc3 a6 6. Bg5 Nbd7 7. Qe2 e6 8. f4 h6 9. Bh4 e5 10. fxe5 Nxe5 11. O-O-O Be7 12. h3 O-O 13. Bf2 Bd7 14.
g4 Rc8 15. Nf5 Bxf5 16. gxf5 Rxc3 17. bxc3 Qa5 18. Rg1 Rc8 19. Qe3 Rxc3 20. Qxh6 Nfg4 21. Rxg4 Nxg4 22. Qf4 Qxa2 23. Bd3 Nxf2 24. Qxf2 Bg5+ 0-1

[Event "*** Titled Tuesday Blitz"]
[Site "Chess.com"]
[Date "2021.02.09"]
[Round "2"]
[White "kobemagic"]
[Black "KaterinaMiroshnik"]
[Result "0-1"]
[WhiteElo "2319"]
[BlackElo "2604"]
[TimeControl "180+1"]
[EndTime "10:17:04 PST"]
[Termination "KaterinaMiroshnik won on time"]

1. c4 e6 2. g3 Nf6 3. Bg2 d5 4.
Nf3 c6 5. b3 Be7 6. O-O O-O 7.
d4 Nbd7 8. Bb2 b6 9. Nbd2 Bb7 10.
Ne5 Nxe5 11. dxe5 Nd7 12. cxd5 cxd5 13. e4 Nc5 14. exd5 Bxd5 15. Nc4 Bxg2 16. Kxg2 Nd3 17.
Qe2 Qd5+ 18. Kg1 Nxb2 19. Nxb2 b5 20. Rfd1 Qb7 21. Nd3 a5 22. Rac1 Rac8 23. Ne1 Ba3 24. Rxc8 Rxc8 25. Nf3 Bf8 26. Qd3 h6 27. Nd2 Rc5 28.
Qe2 Qc6 29. Nf1 Be7 30. Ne3 Rxe5 31. Qd3 Qf3 32. Qd7 Rxe3 33. fxe3 Bg5 34. Qd3 Bxe3+ 0-1

[Event "*** Titled Tuesday Blitz"]
[Site "Chess.com"]
[Date "2021.02.09"]
[Round "2"]
[White "Tenamu"]
[Black "esteban062000"]
[Result "1-0"]
[WhiteElo "2405"]
[BlackElo "2143"]
[TimeControl "180+1"]
[EndTime "10:17:04 PST"]
[Termination "Tenamu won on time"]

1. e4 c5 2. Nf3 g6 3. d4 cxd4 4. Qxd4 Nf6 5. Bb5 a6 6. e5 axb5 7. exf6 Nc6 8. Qh4 exf6 9. O-O d5 10. Bh6 g5 11. Qh5 Bg4 12. Re1+ Ne7 13. Qxg4 Bxh6 14. Qh5 Bg7 15. Nc3 O-O 16. Rad1 b4 17. Ne4 dxe4 18.
Rxd8 Rfxd8 19. h4 Rxa2 20. Rxe4 Rd1+ 21. Kh2 Ng6 22. Re8+ Bf8 23. hxg5 Raa1 24. Kg3 fxg5 25. Qxg5 Kg7 26. Kg4 h5+ 27. Qxh5 Rh1 28. Qd5 Ra6 29.
Qd4+ Rf6 30. g3 1-0

[Event "*** Titled Tuesday Blitz"]
[Site "Chess.com"]
[Date "2021.02.09"]
[Round "2"]
[White "Alonmindlin"]
[Black "c_r_e_e_p_e_r"]
[Result "1-0"]
[WhiteElo "2665"]
[BlackElo "2408"]
[TimeControl "180+1"]
[EndTime "10:17:05 PST"]
[Termination "Alonmindlin won on time"]

1. d4 Nf6 2. c4 e6 3. Nf3 b6 4.
Nc3 Bb4 5. e3 Bb7 6. Bd3 d5 7.
cxd5 exd5 8. O-O O-O 9. Qc2 c5 10. dxc5 bxc5 11. Rd1 Nbd7 12. Ne2 d4 13. e4 Re8 14.
Ng3 Rc8 15. Bc4 Nxe4 16. a3 Ba5 17. Bxf7+ Kxf7 18. Qb3+ Kf8 19. Qxb7 Nd6 20. Qa6 Bb6 21. Bf4 Nf6 22. b4 cxb4 23. Nxd4 Nd5 24. Ne6+ Rxe6 25. Rxd5 Rc2 26. Ne4 Rxe4 27. Bxd6+ Kg8 28. Qd3 Rxf2 29.
Bc5 Qe8 30. Kxf2 Bxc5+ 31. Rxc5 Rf4+ 32. Kg1 Re4 33. Rf1 h6 34. axb4 1-0

[Event "*** Titled Tuesday Blitz"]
[Site "Chess.com"]
[Date "2021.02.09"]
[Round "2"]
[White "The_Machine04"]
[Black "vugarrasulov"]
[Result "0-1"]
[WhiteElo "2484"]
[BlackElo "2749"]
[TimeControl "180+1"]
[EndTime "10:17:08 PST"]
[Termination "vugarrasulov won on time"]

1. d4 Nf6 2. Bg5 d5 3. e3 e6 4. Bd3 c5 5. c3 h6 6. Bh4 Be7 7. Nd2 cxd4 8. exd4 Nc6 9. Ngf3 O-O 10. Qe2 Nh5 11. Bxe7 Qxe7 12. g3 Nf6 13. Ne5 Nxe5 14. Qxe5 Bd7 15. f4 a6 16. h3 Bb5 17. Bc2 Nd7 18. Qe3 Rac8 19. O-O-O Nb6 20. g4 Ba4 21. h4 Bxc2 22. Kxc2 Nc4 23. Nxc4 Rxc4 24. h5 b5 25. g5 b4 26. gxh6 Rfc8 27. Rdg1 bxc3 28. Rxg7+ Kf8 29. bxc3 Qa3 30. Rh3 Qxa2+ 31. Kd1 Qa1+ 32. Kd2 Qb2+ 33. Ke1 Rxc3 34. Qd2 Qxd2+ 35. Kxd2 Rxh3 0-1

[Event "*** Titled Tuesday Blitz"]
[Site "Chess.com"]
[Date "2021.02.09"]
[Round "2"]
[White "CraiggoryC"]
[Black "dosto07"]
[Result "0-1"]
[WhiteElo "2195"]
[BlackElo "2424"]
[TimeControl "180+1"]
[EndTime "10:17:08 PST"]
[Termination "dosto07 won on time"]

1. e4 e5 2. Nf3 Nc6 3. Bb5 a6 4. Ba4 Nf6 5. d3 b5 6. Bb3 Be7 7. O-O O-O 8. Nc3 d6 9. a4 b4 10. Nd5 Bg4 11. c3 bxc3 12. bxc3 Na5 13. Ba2 Nxd5 14.
Bxd5 Rb8 15. Be3 c6 16. Ba2 Be6 17. Re1 Bxa2 18. Rxa2 c5 19. d4 Nc4 20. Qd3 Nxe3 21.
Rxe3 cxd4 22. cxd4 Qa5 23. h4 Rb4 24. dxe5 dxe5 25. Qd5 Qxd5 26. exd5 e4 27. Ne5 Bxh4 28. Nc6 Rc4 29. Rb2 Bg5 30. Rg3 Rc1+ 31. Kh2 Bf4 0-1

[Event "*** Titled Tuesday Blitz"]
[Site "Chess.com"]
[Date "2021.02.09"]
[Round "2"]
[White "FloMaster111"]
[Black "MatthewG-p4p"]
[Result "0-1"]
[WhiteElo "2506"]
[BlackElo "2819"]
[TimeControl "180+1"]
[EndTime "10:17:12 PST"]
[Termination "MatthewG-p4p won by resignation"]

1. e4 e6 2. d4 d5 3. e5 c5 4. c3 Qb6 5. Nf3 Nc6 6. a3 Nh6 7. b4 cxd4 8. cxd4 Nf5 9. Be3 f6 10. Bd3 Nxe3 11. fxe3 fxe5 12. Nxe5 Nxe5 13. Qh5+ Nf7 14.
O-O g6 15. Qf3 Nd6 16. Nc3 Bd7 17. Qf6 Rg8 18. Bb5 Nf5 19. Bxd7+ Kxd7 20. Qf7+ Be7 21.
Na4 Qd6 22. Nc5+ Kc6 23. Nxe6 Kb6 24. a4 a6 25. Rfc1 Nh6 26. Qxh7 Qxe6 27. Qxh6 Rh8 28. Qf4 Bd6 0-1

[Event "*** Titled Tuesday Blitz"]
[Site "Chess.com"]
[Date "2021.02.09"]
[Round "2"]
[White "Artyom_ChessMate"]
[Black "Walter_White_Poland"]
[Result "1-0"]
[WhiteElo "2546"]
[BlackElo "2296"]
[TimeControl "180+1"]
[EndTime "10:17:12 PST"]
[Termination "Artyom_ChessMate won by resignation"]

1. e4 e5 2. Nf3 Nc6 3. Bb5 a6 4. Bxc6 dxc6 5. O-O Bg4 6. h3 h5 7. d3 Qf6 8. Nbd2 Ne7 9. Re1 Ng6 10. d4 Bd6 11.
hxg4 hxg4 12. Nh2 Rxh2 13. Qxg4 Rh4 14. Qf5 exd4 15. g3 Rh7 16. Qxf6 gxf6 17. a3 c5 18. f4 Kd7 19. Nf3 Rah8 20. Kf2 Rh2+ 21. Nxh2 Rxh2+ 22. Kf3 Rxc2 23. Re2 Rxe2 24. Kxe2 c4 25.
Bd2 Ne7 26. Rh1 f5 27. e5 Bc5 28. Rh7 Ke6 29. Rh6+ Kd5 30. Rf6 Ke4 31. Rxf7 Nd5 32. Bb4 Nxb4 33. axb4 d3+ 34. Kd1 Bd4 35. e6 Bxb2 36.
e7 c3 37. e8=Q+ Kf3 38. Qe1 c2+ 39. Kd2 c1=Q+ 40. Qxc1 Bxc1+ 41. Kxc1 Kxg3 42. Rxc7 b5 43. Kd2 Kxf4 44. Rc6 Ke4 45. Rxa6 Kd4 46. Rc6 f4 47. Rc5 f3 48. Rxb5 Ke4 49. Rb8 1-0

[Event "*** Titled Tuesday Blitz"]
[Site "Chess.com"]
[Date "2021.02.09"]
[Round "2"]
[White "LimeInTheCoconut"]
[Black "LilRag"]
[Result "0-1"]
[WhiteElo "2294"]
[BlackElo "2577"]
[TimeControl "180+1"]
[EndTime "10:17:13 PST"]
[Termination "LilRag won on time"]

1. d4 Nf6 2. c4 d6 3. Nf3 Nbd7 4. Bf4 g6 5. Nc3 Bg7 6. e3 O-O 7. Be2 a6 8. O-O c5 9. h3 b6 10. Bh2 Bb7 11. Rc1 Rc8 12. b3 Ne4 13. Nxe4 Bxe4 14. Ng5 Bb7 15. Bf3 Qc7 16. Bxb7 Qxb7 17. Qf3 Qxf3 18. Nxf3 b5 19. Rfd1 Nb6 20. dxc5 Rxc5 21. cxb5 Rxb5 22. Nd4 Rd5 23. Nc6 Bf6 24. Nb4 Rxd1+ 25.
Rxd1 a5 26. Nd5 Nxd5 27. Rxd5 Rc8 28. Bg3 Bc3 29. Rb5 Bb4 30. Rb7 Kf8 31. Bh4 f6 32. Bg3 Rc1+ 33. Kh2 Ra1 34. a4 Rb1 35. Bf4 Rxb3 0-1